 Dungeon Crawl Stone Soup version 0.29.1-2-gbd0b4ee654 (webtiles) character file.

Game seed: 7982846288980110166

149 zeram the Covered (level 5, -2/46 HPs)
             Began as a Minotaur Fighter on Nov 18, 2022.
             Slain by a gnoll bouda
             ... wielding a +0 club
              (7 damage)
             ... on level 4 of the Dungeon.
             The game lasted 00:06:11 (3217 turns).

zeram the Covered (Minotaur Fighter)                Turns: 3217, Time: 00:06:12

Health: -2/46      AC:  8    Str: 23    XL:     5   Next: 9%
Magic:  4/4        EV:  9    Int:  5    God:
Gold:   213        SH:  9    Dex:  9    Spells: 4/4 levels left

rFire   . . .      SeeInvis .   a - +1 war axe
rCold   . . .      Faith    .   c - +0 buckler
rNeg    . . .      Spirit   .   b - +0 scale mail
rPois   .          Reflect  +   (helmet restricted)
rElec   .          Harm     .   e - +0 cloak
rCorr   .          Rampage  .   (no gloves)
Will    .....                   (no boots)
Stlth   ..........              g - amulet of reflection
HPRegen 0.15/turn               (no ring)
MPRegen 0.09/turn               (no ring)

@: about to teleport
A: horns 2, retaliatory headbutt
a: no special abilities


You were on level 4 of the Dungeon.
You visited 1 branch of the dungeon, and saw 4 of its levels.

You collected 213 gold pieces.

Inventory:

Hand Weapons
 a - a +1 war axe (weapon)
Armour
 b - a +0 scale mail (worn)
 c - a +0 buckler (worn)
 e - a +0 cloak (worn)
Jewellery
 g - an amulet of reflection (around neck)
Scrolls
 f - 3 scrolls of identify
 k - a scroll of poison
 m - a scroll of vulnerability {unknown}
Potions
 d - 3 potions of might
 i - a potion of degeneration
 j - a potion of berserk rage
 l - a potion of lignification
 n - a potion of magic {unknown}


   Skills:
 + Level 4.2 Fighting
 + Level 4.5 Axes
 + Level 4.6 Armour
 + Level 0.5 Dodging
 + Level 0.2 Stealth
 + Level 4.2 Shields


You had 4 spell levels left.
You didn't know any spells.
Your spell library contained the following spells:

 Spells                   Type           Power      Damage    Failure   Level
 Dazzling Flash           Conj/Hex       0%         N/A       99%         3
 Tukima's Dance           Hex            0%         N/A       99%         3
 Passage of Golubria      Tloc           0%         N/A       100%        4
 Agony                    Necr           0%         N/A       100%        5
 Silence                  Hex/Air        0%         N/A       100%        5
 Yara's Violent Unravell  Hex/Tmut       0%         3d3       100%        5


Dungeon Overview and Level Annotations

Branches:
Dungeon (4/15)
 Temple: D:4-7

Altars:
Dithmenos
Fedhas
Qazlal

Shops:
D:2 [   D:4 (


Innate Abilities, Weirdness & Mutations

You have a pair of horns on your head.
You reflexively headbutt those who attack you in melee.


Message History

You block the gnoll's attack. You block the gnoll bouda's attack.
Unknown command.
You closely miss the gnoll bouda.
The gnoll bouda is heavily wounded.
You block the gnoll's attack.
The gnoll bouda hits you with a +0 club.
You are too injured to fight recklessly!
Unknown command.
You are too injured to fight recklessly!
Unknown command.
You hit the gnoll bouda.
The gnoll bouda is severely wounded.
The gnoll hits you but does no damage.
The gnoll bouda mumbles some strange prayers to its god.
The gnoll bouda is healed somewhat.
Unknown command.
You completely miss the gnoll bouda. Your headbutt misses the gnoll bouda.
The gnoll bouda is heavily wounded.
The gnoll hits you but does no damage. You block the gnoll bouda's attack.
The gnoll bouda hits you with a +0 club!
* * * LOW HITPOINT WARNING * * *
The gnoll hits you but does no damage.
Unknown command.
You slash the gnoll bouda! Your headbutt misses the gnoll bouda.
The gnoll bouda is almost dead.
You block the gnoll's attack.
The gnoll bouda hits you with a +0 club!
* * * LOW HITPOINT WARNING * * *
Unknown command.
Okay, then.
Okay, then.
As you read the scroll of teleportation, it crumbles to dust.
You feel strangely unstable.
Your attacks no longer feel as feeble.
The gnoll barely misses you.
The gnoll bouda utters an invocation to its god.
The gnoll bouda is healed somewhat.
The gnoll bouda attacks as you move away!
The gnoll bouda hits you with a +0 club!
You die...

...#########...
..........#........
..............#..#.
####............###...
###...........##..###..#
#...).........###..#..##
##.......#.....##.....##
......))##..............
......g@.....##..)......
.....g...#..####..._...#
....[...###..##.........
........................
.........###...##.....##
........##.#..###..#..##
......... ....##..###..#
.....##.##........###...
#.........#....


You could see a gnoll bouda and a gnoll (swift).

Vanquished Creatures
  Terence (D:2)
  Robin (D:2)
  An adder (D:3)
  2 gnolls (D:4)
  A worm (D:2)
  An orc (D:3)
  7 ball pythons
  8 endoplasms
  A giant cockroach (D:3)
  12 goblins
  11 hobgoblins
  5 jackals
  4 quokkas
  7 bats
  5 frilled lizards
  3 kobolds
  4 rats
74 creatures vanquished.

Notes
Turn   | Place    | Note
-------+----------+-------------------------------------------
     0 | D:1      | zeram the Minotaur Fighter began the quest for the Orb.
     0 | D:1      | Reached XP level 1. HP: 19/19 MP: 0/0
   411 | D:1      | Reached XP level 2. HP: 27/27 MP: 1/1
   507 | D:1      | Found a faded altar of an unknown god.
  1108 | D:2      | Reached XP level 3. HP: 33/33 MP: 2/2
  1278 | D:2      | Noticed Terence
  1287 | D:2      | Killed Terence
  1503 | D:2      | Found Lat Mepo's Antique Armour Shop.
  1629 | D:2      | Reached XP level 4. HP: 40/40 MP: 3/3
  1802 | D:2      | Noticed Robin
  1815 | D:2      | Killed Robin
  2426 | D:3      | Found a blossoming altar of Fedhas.
  2523 | D:3      | Found a stormy altar of Qazlal.
  3070 | D:4      | Found Wastrol's Weapon Shoppe.
  3087 | D:4      | Found a shadowy altar of Dithmenos.
  3209 | D:4      | Reached XP level 5. HP: 38/46 MP: 4/4
  3217 | D:4      | Slain by a gnoll bouda

Illustrated notes

Levels and vault maps discovered:
D:1:      saegor_arrival_fortress, layout_basic,
          chequers_ecumenical_altar_simple_redux, serial_glass, glass_columns_a,
          glass_columns_a
D:2:      layout_loops_ring, serial_shops, shop, uniq_robin, uniq_terence
D:3:      layout_loops_corners, grunt_temple_overflow_forces_of_nature
D:4:      layout_cave_pools, nicolae_dithmenos_shadow_blocks,
          makhleb_heckhound_becter, minmay_temple_entry_large_hall,
          serial_shops, shop

Skill      XL: |  1  2  3  4 |
---------------+-------------+-----
Armour         | 4 |  4.6
Axes           | 3 4 |  4.5
Shields        | 4 |  4.2
Fighting       | 4 |  4.2
Dodging        | |  0.5
Stealth        | |  0.2

Action                   |  1- 3 |  4- 6 || total
-------------------------+-------+-------++-------
Melee: War axe           |    71 |    80 ||   151
       Headbutt          |    12 |     6 ||    18
  Use: Scroll            |     2 |     8 ||    10
Armor: Scale mail        |    31 |    40 ||    71
Dodge: Dodged            |    36 |    35 ||    71
Block: Buckler           |    10 |    36 ||    46
